[Event "45th FIDE Olympiad 2024"]
[Site "Budapest"]
[Date "2024.09.15"]
[Round "5.29"]
[White "Abdusattorov, Nodirbek"]
[Black "Schitco, Ivan"]
[Result "1-0"]
[ECO "D02"]
[WhiteElo "2766"]
[BlackElo "2527"]
[Annotator "TA"]
[PlyCount "115"]
[EventDate "2024.09.05"]
[EventType "team-tourn"]
[EventCountry "HUN"]
[SourceTitle "playchess.com"]
[Source "ChessBase"]
[SourceQuality "1"]
[WhiteTeam "Uzbekistan"]
[BlackTeam "Moldova"]
[WhiteTeamCountry "UZB"]
[BlackTeamCountry "MDA"]
[TimeControl "40/5400+30:1800+30"]

1. d4 d5 2. Nf3 Nf6 3. Bf4 c5 4. e3 Nc6 5. Nbd2 Bg4 6. c3 e6 7. Qb3 Qb6 8. h3 Bf5 9. g4 {[%emt 0:05:03] White has an edge.} Bg6 10. Nh4 Nd7 11. Nxg6 hxg6 12. h4 Be7 13. Nf3 Rc8 14. g5 cxd4 15. exd4 Na5 16. Qxb6 Nxb6 17. Bd3 Nac4 18. b3 Bd6 19. Bc1 Na5 20. Ke2 Nd7 21. Bd2 a6 {[%emt 0:02:43] [#]} 22. h5 gxh5 23. g6 f6 {[%emt 0:00:12] Dodges Ng5} 24. Rh3 Nf8 25. Rah1 Nc6 26. Rxh5 Rxh5 27. Rxh5 Ne7 28. Nh4 f5 29. Rg5 Nd7 30. Rg1 Nf6 31. c4 Kd7 32. Nf3 Rh8 (32... Ne4 $15) 33. c5 $11 Bc7 34. b4 Ne4 35. b5 axb5 36. Bxb5+ Nc6 37. a4 Nxd2 38. Kxd2 Bf4+ 39. Ke2 Kc7 (39... Rh6 $11 {keeps the balance.}) 40. Bxc6 $16 bxc6 {[%emt 0:00:33][%mdl 4096] Endgame. KRB-KRN} 41. a5 Rb8 {[%emt 0:10:07] [#]} ({Better is} 41... Ra8) 42. Ra1 $1 Kb7 $2 {[%emt 0:12:09][%mdl 8192] [#] Black cannot hold the game after this.} (42... Rb2+ $16 {is tougher.} 43. Kf1 Rb8) 43. Rb1+ $1 $18 Kc7 44. Rxb8 Kxb8 {[%emt 0:00:02] KB-KN} 45. Ne1 Kb7 46. Nd3 Bg5 (46... Bc7 $142 47. Kf3 Bxa5) 47. Nb4 {[%emt 0:00:00] Strongly threatening Kf3.} Bf6 48. a6+ Kc7 49. a7 Kb7 {[%emt 0:00:03] [#]} 50. Nxc6 $1 Ka8 (50... Bg5 51. Kd3) 51. Kd3 Kb7 {[%emt 0:00:04] [#]} 52. f3 $1 {[%emt 0:00:00] White mates.} Ka8 (52... Bh4 53. Kc3) 53. Kc3 Kb7 {[%emt 0:00:03] [#]} 54. Kb4 $1 Ka8 (54... Bg5 55. Kb5) 55. Kb5 Kb7 {[%emt 0:00:03] [#]} 56. a8=Q+ $1 Kxa8 57. Kb6 f4 58. Kc7 {[%emt 0:00:00] Weighted Error Value: White=0.05 (flawless) /Black=0.33.  Loses game:     	---       	Black=1      Mistake:       	White=1     	Black=3      Inaccurate:     	White=2     	Black=2      OK:         	White=20    	Black=14     Best:        	White=2     	---        Strong:       	White=2     	---} 1-0

[Event "45th FIDE Olympiad 2024"]
[Site "Budapest"]
[Date "2024.09.15"]
[Round "5.29"]
[White "Chinasamy, Devarajen"]
[Black "Barcon, Harmon"]
[Result "1/2-1/2"]
[ECO "D00"]
[WhiteElo "1975"]
[BlackElo "1968"]
[PlyCount "46"]
[EventDate "2024.09.05"]
[EventType "team-tourn"]
[EventCountry "HUN"]
[WhiteTeam "Mauritius"]
[BlackTeam "Liberia"]
[WhiteTeamCountry "MRI"]
[BlackTeamCountry "LBR"]
[TimeControl "40/5400+30:1800+30"]

1. d4 d5 2. Nc3 Nf6 3. Bf4 a6 4. e3 e6 5. g4 Bb4 6. Nge2 Ne4 7. h4 c5 8. f3 Nf6 9. a3 Bxc3+ 10. Nxc3 cxd4 11. exd4 Nc6 12. Qd2 b5 13. Ne2 Qb6 14. c3 Na5 15. Nc1 Nc4 16. Qh2 Qc6 17. Nd3 Nd7 18. Nb4 Qb7 19. Nd3 Qc6 20. Nb4 Qb7 21. Nd3 Qc6 22. Nb4 Qb7 23. Nd3 Qc6 1/2-1/2

[Event "45th FIDE Olympiad 2024"]
[Site "Budapest"]
[Date "2024.09.15"]
[Round "5.30"]
[White "Lashkin, Jegor"]
[Black "Yakubboev, Nodirbek"]
[Result "1/2-1/2"]
[ECO "D45"]
[WhiteElo "2472"]
[BlackElo "2666"]
[Annotator "TA"]
[PlyCount "61"]
[EventDate "2024.09.05"]
[EventType "team-tourn"]
[EventCountry "HUN"]
[SourceTitle "playchess.com"]
[Source "ChessBase"]
[SourceQuality "1"]
[WhiteTeam "Moldova"]
[BlackTeam "Uzbekistan"]
[WhiteTeamCountry "MDA"]
[BlackTeamCountry "UZB"]
[TimeControl "40/5400+30:1800+30"]

1. d4 Nf6 2. c4 e6 3. Nf3 d5 4. Nc3 c6 5. e3 Nbd7 6. Be2 Bd6 7. O-O O-O 8. b3 b6 9. Bb2 Bb7 10. Qc2 Rc8 11. Rad1 c5 12. dxc5 Nxc5 13. cxd5 Nce4 14. dxe6 Nxc3 $1 15. Bxc3 Ne4 {[%emt 0:00:24] Against Ng5} 16. Bc4 {[%emt 0:02:02] aiming for Be5.} (16. exf7+ $5 Rxf7 17. Bc4 Rxc4 18. bxc4 Nxc3 (18... Rxf3 $2 19. c5 $18) 19. Rxd6 (19. Qxc3 Bxf3 20. gxf3 Bxh2+ 21. Kg2 Qg5+ 22. Kxh2 Qh5+ 23. Kg1 Qg5+ 24. Kh2 Qh5+ 25. Kg1 Qg5+ 26. Kh2 $11) 19... Qxd6 20. Ng5 $14 (20. Qxc3 $2 Rxf3 21. Qc2 Rf6 $19)) 16... b5 17. exf7+ $14 (17. Rxd6 $2 Nxd6 18. exf7+ Nxf7 $19) 17... Kh8 {[%emt 0:00:02] [#] Threatens to win with ...Nxc3.} 18. Nd4 Nxc3 (18... Qh4 $1 $15 19. Nf3 (19. Nxb5 $2 Qxh2#) 19... Qh6) 19. Ne6 $11 {[%emt 0:13:37] The position is equal.} Bxh2+ 20. Kxh2 Qh4+ (20... Nxd1 $2 21. Nxd8 Nxe3 22. fxe3 $18) 21. Kg1 Nxd1 22. Nxf8 bxc4 23. Ne6 {[%emt 0:06:13] [#] Strongly threatening Qf5. Some like it hot} (23. Rxd1 Rxf8 24. Qxc4 Qe7 $17) 23... Bxg2 $1 24. Kxg2 (24. f8=Q+ Rxf8 25. Kxg2 Qg4+ (25... Rxf2+ 26. Rxf2 Nxe3+ 27. Kg1 $11) 26. Kh1 Rf6 (26... Qxe6 27. Rxd1 c3 28. Rd3 $15) (26... Nxe3 $2 27. Qxh7+ Kxh7 28. Nxf8+ Kg8 29. fxe3 $19) 27. f3 Qh3+ (27... Qxe6 $2 28. Rxd1 Qh3+ 29. Kg1 $19) (27... Rh6+ 28. Qh2 Rxh2+ 29. Kxh2 Qh4+ 30. Kg1 Nxe3 31. Rf2 Qg3+ 32. Kh1 Qxf2 33. Nf4 g5 34. bxc4 gxf4 35. c5 Qg2#) 28. Kg1 Nxe3) 24... Qg4+ 25. Kh2 Qh4+ 26. Kg2 (26. Kg1 $5 Qg4+ $8 27. Kh2 Qh4+ 28. Kg1 Qg4+ 29. Kh1 Qh3+ 30. Kg1 Qg4+ $11) 26... Qg4+ 27. Kh2 Qh4+ 28. Kg2 (28. Kg1 $5 Qg4+ $8 29. Kh2 $11) 28... Qg4+ 29. Kh2 Qh4+ 30. Kg2 (30. Kg1 $5 Qg4+ $8 31. Kh2 $11) 30... Qg4+ 31. Kh2 {[%emt 0:00:04] Weighted Error Value: White=0.07 (flawless) /Black=0.08 (flawless) .  Mistake:       	White=1     	Black=2      OK:         	White=4     	Black=10     Best:        	White=2     	Black=3      Strong:       	---       	Black=2} 1/2-1/2

[Event "45th FIDE Olympiad 2024"]
[Site "Budapest"]
[Date "2024.09.15"]
[Round "5.30"]
[White "David, Leroy Debblay"]
[Black "Lam Kin Cheung, Stephane"]
[Result "1-0"]
[ECO "A43"]
[WhiteElo "1904"]
[BlackElo "1677"]
[PlyCount "161"]
[EventDate "2024.09.05"]
[EventType "team-tourn"]
[EventCountry "HUN"]
[WhiteTeam "Liberia"]
[BlackTeam "Mauritius"]
[WhiteTeamCountry "LBR"]
[BlackTeamCountry "MRI"]
[TimeControl "40/5400+30:1800+30"]

1. d4 c5 2. d5 Nf6 3. Nc3 d6 4. e4 g6 5. f4 Bg7 6. Nf3 O-O 7. Be2 Nbd7 8. O-O a6 9. a4 Rb8 10. h3 Ne8 11. Be3 Nc7 12. a5 b5 13. axb6 Nxb6 14. Qd2 Qd7 15. Rfd1 Nb5 16. e5 Bb7 17. Nxb5 axb5 18. Qa5 Nxd5 19. Bxb5 Bc6 20. Bxc6 Qxc6 21. Qa3 Nxe3 22. Qxe3 Rxb2 23. Qd3 Rd8 24. Ra6 Rb6 25. Ra7 e6 26. Ng5 Rd7 27. Rxd7 Qxd7 28. Ne4 d5 29. Nxc5 Qb5 30. Nb3 Qxd3 31. Rxd3 Rc6 32. Nd4 Rc4 33. c3 Bf8 34. g4 Bc5 35. Kg2 Bb6 36. Ne2 Kg7 37. g5 Re4 38. Kf3 h6 39. h4 hxg5 40. hxg5 Rc4 41. Rd1 Re4 42. Rd3 Rc4 43. Rd2 Kf8 44. Rb2 Ba5 45. Rb3 Ke7 46. Ke3 Kd7 47. Rb7+ Bc7 48. Kd3 Kc6 49. Ra7 Rc5 50. Nd4+ Kd7 51. Nb3 Rb5 52. Kc2 Kc8 53. Nd4 Ra5 54. Rxa5 Bxa5 55. Nb5 Kd7 56. Kd3 Bb6 57. Nd6 Bc5 58. Nxf7 Ke7 59. Nh8 Bf2 60. Nxg6+ Kf7 61. f5 Bg3 62. Ke3 exf5 63. Nf4 Be1 64. g6+ Kg7 65. e6 Kf6 66. Kd4 Bg3 67. Nh5+ Kxe6 68. Nxg3 f4 69. Nh5 f3 70. g7 Kf7 71. Ke3 d4+ 72. cxd4 f2 73. Kxf2 Kg8 74. d5 Kh7 75. d6 Kg8 76. d7 Kh7 77. Kg3 Kg8 78. d8=Q+ Kh7 79. Qh8+ Kg6 80. g8=Q+ Kf5 81. Qg4# 1-0

[Event "45th FIDE Olympiad 2024"]
[Site "Budapest"]
[Date "2024.09.15"]
[Round "5.31"]
[White "Sindarov, Javokhir"]
[Black "Bologan, Victor"]
[Result "1-0"]
[ECO "C56"]
[WhiteElo "2677"]
[BlackElo "2598"]
[Annotator "TA"]
[PlyCount "81"]
[EventDate "2024.09.05"]
[EventType "team-tourn"]
[EventCountry "HUN"]
[SourceTitle "playchess.com"]
[Source "ChessBase"]
[SourceQuality "1"]
[WhiteTeam "Uzbekistan"]
[BlackTeam "Moldova"]
[WhiteTeamCountry "UZB"]
[BlackTeamCountry "MDA"]
[TimeControl "40/5400+30:1800+30"]

1. e4 e5 2. Nf3 Nc6 3. Bc4 d6 4. d4 Nf6 5. d5 Ne7 6. Bd3 {[%emt 0:00:56] C56: Two Knights: 4 d4 exd4 5 0-0 Nxe4.} g6 7. c4 Bg7 8. Nc3 O-O 9. h3 a5 10. Be3 Nd7 11. g4 Nc5 12. Bc2 b6 13. Rg1 $146 ({Predecessor:} 13. Qe2 a4 14. O-O-O Bd7 15. Rdg1 c6 16. h4 cxd5 17. Bxc5 bxc5 18. Nxd5 Nxd5 19. cxd5 {0-1 Zemerov,V (2268)-Khodzhamkuliev,B (2167) Titled Tuesday intern op 03rd Aug blitz 2021 (9)}) 13... Ba6 14. Nd2 c6 15. a4 Kh8 16. h4 cxd5 17. cxd5 (17. exd5 $14 e4 18. Ndxe4 (18. Bxe4 f5 $11)) 17... Qd7 $11 18. g5 f6 19. Ra3 Rac8 20. Nb3 Ng8 (20... f5 $11) 21. Nxc5 bxc5 22. Bd3 (22. h5 $16) 22... c4 $11 23. Bc2 Rb8 24. Bc1 Qf7 25. Rg2 h5 26. Kf1 (26. gxh6 $14 {might be stronger.} Bxh6 27. Bxh6 Nxh6 28. Qd2) 26... fxg5 27. hxg5 Ne7 28. Kg1 Kg8 29. Ne2 Bc8 (29... Rb4 $14) 30. Qe1 $16 Rb4 {[%emt 0:01:29] [#]} 31. Nc3 $1 Bh3 {[%emt 0:06:50] [#]} (31... Bg4 $16 {was necessary.}) 32. Nb5 $1 $18 Rxb5 (32... Bxg2 33. Nxd6 $18) (32... Nxd5 {might work better.} 33. Rxh3 Nf4) 33. axb5 $18 Bxg2 34. Kxg2 Nc8 35. Bd1 (35. Qxa5 Qxf2+ 36. Kh3 Qf1+ (36... Qxc2 $2 37. Qd2 $19) 37. Kh4 Qh1+ (37... Qxc1 38. Qd8 Qh1+ 39. Kg3 h4+ 40. Kg4 Rxd8 41. Rf3 Qh2 42. Bd1 Kh7 43. b4 Rf8 44. Bc2 Rf4+ 45. Rxf4 Qg3#) 38. Rh3 Qxc1 39. Rc3 Qh1+ (39... Qxb2 $2 40. Qa3 $19) 40. Kg3 h4+ 41. Kg4 Rf4#) 35... Nb6 36. Rxa5 (36. Qxa5 {gets mated.} Qxf2+ 37. Kh3 Qf1+ 38. Kg3 Qg1+ (38... Qxd1 $2 39. Qd2 $19) 39. Kh3 Rf2 (39... Qxd1 $2 40. Qd2 $19) (39... Qxd1 $2 40. Qd2 $19)) ({Don't play} 36. Be3 Qb7 37. Rxa5 (37. Qxa5 Nxd5 38. b6 Nf4+ 39. Bxf4 Qxe4+ 40. Bf3 Qxf4 $14) 37... Rf4 $18) 36... Qb7 37. Be3 Nxd5 (37... Rb8 $142 38. Qb4 Bf8) 38. exd5 $18 Qxd5+ 39. Kg1 h4 40. b6 Qc6 41. Qd2 1-0

[Event "45th FIDE Olympiad 2024"]
[Site "Budapest"]
[Date "2024.09.15"]
[Round "5.31"]
[White "Lee Luen Mang, Stefan"]
[Black "Obediah, Saah"]
[Result "0-1"]
[ECO "C02"]
[WhiteElo "1803"]
[BlackElo "1976"]
[PlyCount "124"]
[EventDate "2024.09.05"]
[EventType "team-tourn"]
[EventCountry "HUN"]
[WhiteTeam "Mauritius"]
[BlackTeam "Liberia"]
[WhiteTeamCountry "MRI"]
[BlackTeamCountry "LBR"]
[TimeControl "40/5400+30:1800+30"]

1. e4 e6 2. d4 d5 3. e5 c5 4. c3 Nc6 5. Nf3 Qb6 6. Bd3 Bd7 7. dxc5 Bxc5 8. O-O Bf8 9. Re1 Nge7 10. h4 Ng6 11. h5 Nge7 12. a4 Na5 13. Na3 a6 14. b4 Nac6 15. Rb1 Qc7 16. a5 Na7 17. Qb3 Rc8 18. Be3 Nb5 19. Nxb5 Bxb5 20. Bxb5+ axb5 21. Rbc1 Nc6 22. Bb6 Qd7 23. Qb1 Be7 24. Qd3 O-O 25. Nd2 Bg5 26. Bc5 Rfe8 27. g3 Bxd2 28. Qxd2 Nxa5 29. h6 Qd8 30. Qf4 Nb3 31. hxg7 Nxc1 32. Rxc1 b6 33. Bd4 Qc7 34. Kg2 Qc4 35. Re1 Qd3 36. g4 Ra8 37. f3 Ra2+ 38. Kg3 Qc2 39. Qh6 Qg2+ 40. Kf4 Qd2+ 41. Re3 Rb2 42. Bxb6 Rc8 43. Qf6 Rc2 44. Bd4 Rc1 45. Qh4 Rg1 46. Qh3 Rg2 47. Kg5 Re2 48. f4 Rxe3 49. Qxe3 Qxe3 50. Bxe3 Rxc3 51. Bd2 Rd3 52. Be1 Kxg7 53. f5 h6+ 54. Kf4 Rd4+ 55. Kf3 Re4 56. Bc3 Kh7 57. f6 Kg6 58. Kf2 Rxg4 59. Kf3 Kf5 60. Bd2 h5 61. Bc3 h4 62. Kf2 h3 {0-} 0-1

[Event "45th FIDE Olympiad 2024"]
[Site "Budapest"]
[Date "2024.09.15"]
[Round "5.32"]
[White "Iordachescu, Viorel"]
[Black "Vokhidov, Shamsiddin"]
[Result "0-1"]
[ECO "E11"]
[WhiteElo "2572"]
[BlackElo "2650"]
[Annotator "TA"]
[PlyCount "72"]
[EventDate "2024.09.05"]
[EventType "team-tourn"]
[EventCountry "HUN"]
[SourceTitle "playchess.com"]
[Source "ChessBase"]
[SourceQuality "1"]
[WhiteTeam "Moldova"]
[BlackTeam "Uzbekistan"]
[WhiteTeamCountry "MDA"]
[BlackTeamCountry "UZB"]
[TimeControl "40/5400+30:1800+30"]

1. d4 Nf6 2. c4 e6 3. Nf3 d5 4. g3 Bb4+ 5. Bd2 a5 6. Qc1 O-O 7. Bg2 Be7 8. O-O {[%emt 0:01:27] The position is equal.} c6 9. Rd1 Nbd7 10. Bf4 h6 11. Nc3 a4 (11... dxc4 $11 12. Nd2 Nb6) 12. Ne5 g5 13. Nxd7 $1 Nxd7 14. Bd2 dxc4 15. a3 Ra6 16. f4 f5 17. fxg5 hxg5 18. e4 c5 19. exf5 $1 cxd4 20. Ne4 {[%emt 0:12:37] [#] Black continues to play with concentration.} (20. fxe6 $1 $11 {and White has nothing to worry.} Nc5 (20... dxc3 21. exd7 Bxd7 22. Bxc3 $14) (20... Rxe6 21. Nd5 $11) 21. Nd5 Bxe6 22. Nxe7+ Qxe7 23. Bb4 (23. Bxg5 Qd7 $11)) 20... b5 $1 $19 ({Resist} 20... exf5 21. Qxc4+ Kh7 22. Nf2 $17) 21. fxe6 Rxe6 22. Nxg5 $2 (22. Bxg5 {might work better.} d3 (22... Rxe4 $2 23. Bxe7 Rxe7 24. Rxd4 $19) 23. Bxe7 Qxe7 24. Qg5+ Qxg5 25. Nxg5) 22... Re5 23. h4 Qb6 {[%emt 0:05:21] ...d3+ is the strong threat.} 24. Bf4 (24. Rf1 $142 d3+ 25. Kh1 Bxg5 (25... Rxf1+ 26. Qxf1 Bxg5 27. hxg5 $19) 26. Bxg5) 24... d3+ 25. Kh1 Bxg5 26. Bxg5 Bb7 27. Rd2 {[%emt 0:00:25] White is weak on the light squares} Re2 28. Rxe2 dxe2 29. Bf4 Re8 30. Bd2 Bxg2+ 31. Kxg2 Qc6+ 32. Kg1 Ne5 33. Qc3 Qe4 (33... Nf3+ $142 34. Kf2 Nxd2 35. Qxd2 Rf8+ 36. Qf4 Rxf4+ 37. gxf4 Qe4 38. Rg1+ Kf7) 34. Be3 Nd3 {[%emt 0:00:38] Black mates.} 35. Bd2 e1=Q+ 36. Bxe1 Nxe1 {[%emt 0:00:03] Weighted Error Value: White=0.92/Black=0.19 (very precise) .  Loses game:     	White=1     	---        Mistake:       	White=2     	Black=1      Inaccurate:     	White=2     	---        OK:         	White=6     	Black=4      Best:        	---       	Black=2      Strong:       	White=2     	Black=1} 0-1

[Event "45th FIDE Olympiad 2024"]
[Site "Budapest"]
[Date "2024.09.15"]
[Round "5.32"]
[White "Arnold, Smith"]
[Black "Naipal, Hoolan"]
[Result "1/2-1/2"]
[ECO "C78"]
[WhiteElo "1915"]
[BlackElo "1851"]
[PlyCount "112"]
[EventDate "2024.09.05"]
[EventType "team-tourn"]
[EventCountry "HUN"]
[WhiteTeam "Liberia"]
[BlackTeam "Mauritius"]
[WhiteTeamCountry "LBR"]
[BlackTeamCountry "MRI"]
[TimeControl "40/5400+30:1800+30"]

1. e4 e5 2. Nf3 Nc6 3. Bb5 a6 4. Ba4 Nf6 5. d3 b5 6. Bb3 Bc5 7. c3 d6 8. O-O h6 9. h3 O-O 10. a4 Rb8 11. axb5 axb5 12. Nbd2 Re8 13. Re1 Bb6 14. Nf1 Ne7 15. d4 Ng6 16. Ng3 Bb7 17. Bc2 Ra8 18. Rxa8 Qxa8 19. d5 Rd8 20. Qe2 c6 21. dxc6 Bxc6 22. Bd3 Qb7 23. Be3 Nf4 24. Bxf4 exf4 25. Nf5 d5 26. e5 Ne4 27. N5d4 Ra8 28. Bxb5 Bxb5 29. Qxb5 Rb8 30. c4 dxc4 31. Qxc4 Ng5 32. e6 Bxd4 33. Nxd4 Nxe6 34. Nxe6 fxe6 35. Qxe6+ Kh8 36. Rb1 f3 37. g3 Qb4 38. Qe3 Qf8 39. Qf4 Qxf4 40. gxf4 Rb3 41. Kf1 Kg8 42. Ke1 Kf7 43. Kd2 Kf6 44. Kc2 Rb5 45. b4 Kf5 46. Kc3 Kxf4 47. Kc4 Rb7 48. b5 g5 49. b6 h5 50. Kc5 g4 51. Rb4+ Kg5 52. hxg4 hxg4 53. Kd4 g3 54. fxg3 f2 55. Rb1 Rxb6 56. Rf1 Kg4 1/2-1/2

[Event "45th FIDE Olympiad 2024"]
[Site "Budapest"]
[Date "2024.09.15"]
[Round "5.33"]
[White "Albornoz Cabrera, Carlos Daniel"]
[Black "Giri, Anish"]
[Result "1/2-1/2"]
[ECO "B12"]
[WhiteElo "2579"]
[BlackElo "2724"]
[Annotator "TA"]
[PlyCount "64"]
[EventDate "2024.09.05"]
[EventType "team-tourn"]
[EventCountry "HUN"]
[SourceTitle "playchess.com"]
[Source "ChessBase"]
[SourceQuality "1"]
[WhiteTeam "Cuba"]
[BlackTeam "Netherlands"]
[WhiteTeamCountry "CUB"]
[BlackTeamCountry "NED"]
[TimeControl "40/5400+30:1800+30"]

1. e4 c6 2. d4 d5 3. e5 Bf5 4. Nf3 e6 5. Be2 c5 6. Be3 Qb6 7. Nc3 c4 8. Qc1 Bb4 9. O-O Bxc3 10. bxc3 Bg4 11. a4 Nc6 12. Qe1 O-O-O (12... Nge7 $11) 13. Ng5 (13. Bxc4 {looks sharper.} Bxf3 14. gxf3 dxc4 15. d5) 13... Bxe2 14. Qxe2 Qc7 15. Bc1 h6 16. Nh3 Nge7 17. Nf4 g6 18. Qf3 Kb8 19. Ba3 Ka8 20. Ne2 Nf5 21. Rfb1 Rd7 22. Ng3 Ng7 23. Rb5 Qd8 24. Rab1 h5 25. Nf1 (25. h3 $11) 25... Nf5 26. Ne3 Nh4 27. Qg3 g5 (27... f5 $15) 28. f4 $1 $11 {[%emt 0:01:47] The position is equal.} gxf4 ({Reject} 28... a6 $6 29. fxg5 axb5 30. axb5 $18) 29. Qxf4 Ng6 30. Qf3 Nh4 31. Qf4 Ng6 32. Qf3 Nh4 {[%emt 0:00:13] Weighted Error Value: White=0.08 (flawless) /Black=0.07 (flawless) .  Mistake:       	White=1     	Black=2      Inaccurate:     	White=2     	Black=1      OK:         	White=7     	Black=13     Best:        	---       	Black=1      Strong:       	White=1     	---} 1/2-1/2

[Event "45th FIDE Olympiad 2024"]
[Site "Budapest"]
[Date "2024.09.15"]
[Round "5.33"]
[White "Eichab, Charles"]
[Black "Al-Hajiri, Bader"]
[Result "0-1"]
[ECO "A20"]
[WhiteElo "2013"]
[BlackElo "1947"]
[PlyCount "78"]
[EventDate "2024.09.05"]
[EventType "team-tourn"]
[EventCountry "HUN"]
[WhiteTeam "Namibia"]
[BlackTeam "Kuwait"]
[WhiteTeamCountry "NAM"]
[BlackTeamCountry "KUW"]
[TimeControl "40/5400+30:1800+30"]

1. c4 e5 2. Nf3 e4 3. Nd4 Nc6 4. e3 Nxd4 5. exd4 d5 6. d3 exd3 7. Bxd3 Nf6 8. O-O Be7 9. c5 c6 10. Re1 O-O 11. h3 Nd7 12. Nd2 Bf6 13. Nf3 Re8 14. Bf4 Nf8 15. Ne5 g6 16. Bh2 Ne6 17. Bc2 Bd7 18. Qd3 b6 19. b4 a5 20. a3 axb4 21. axb4 Rxa1 22. Rxa1 bxc5 23. bxc5 Nxc5 24. Qf3 Ne6 25. Nxd7 Bxd4 26. Be5 Qxd7 27. Qf6 Bxe5 28. Qxe5 Nc5 29. Qd4 Ne4 30. Bxe4 Rxe4 31. Ra8+ Re8 32. Ra7 Qd6 33. g3 c5 34. Qd3 Qe6 35. Kh2 d4 36. Rc7 Qd6 37. Ra7 Qd5 38. Qd2 d3 39. Qf4 d2 {0-} 0-1

[Event "45th FIDE Olympiad 2024"]
[Site "Budapest"]
[Date "2024.09.15"]
[Round "5.34"]
[White "Van Foreest, Jorden"]
[Black "Quesada Perez, Luis Ernesto"]
[Result "1-0"]
[ECO "C54"]
[WhiteElo "2696"]
[BlackElo "2578"]
[Annotator "TA"]
[PlyCount "85"]
[EventDate "2024.09.05"]
[EventType "team-tourn"]
[EventCountry "HUN"]
[SourceTitle "playchess.com"]
[Source "ChessBase"]
[SourceQuality "1"]
[WhiteTeam "Netherlands"]
[BlackTeam "Cuba"]
[WhiteTeamCountry "NED"]
[BlackTeamCountry "CUB"]
[TimeControl "40/5400+30:1800+30"]

1. e4 e5 2. Nf3 Nc6 3. Bc4 Bc5 4. c3 Nf6 5. d3 d6 6. O-O a6 7. a4 Ba7 8. Re1 O-O 9. h3 {[%emt 0:00:08] White has an edge.} h6 10. Nbd2 Re8 11. Nf1 Be6 12. Bxe6 Rxe6 13. g4 ({Better is} 13. b4) 13... d5 14. Qe2 Qd7 15. Ng3 dxe4 16. dxe4 Rd8 17. g5 hxg5 18. Bxg5 Qd3 19. Kf1 Kf8 20. h4 Rd7 21. Qxd3 (21. Red1 {simplifies} Qxe2+ 22. Kxe2 Rxd1 23. Rxd1 Ng4 24. Nh1) 21... Rxd3 22. Ke2 Rd7 23. Rg1 Na5 (23... Ne8 $11) 24. Bxf6 (24. h5 $16) 24... Rxf6 $14 25. Nh5 (25. Rad1 {simplifies} Rxd1 26. Rxd1 Rd6 27. Rxd6 cxd6 28. Nd2) 25... Rfd6 (25... Rb6 $11 {keeps the balance.} 26. b4 g6 27. Nxe5 (27. bxa5 $2 {loses.} Rb2+ 28. Ke1 Bxf2+ 29. Kf1 Bxg1 $19) 27... Re7) 26. Rxg7 $16 (26. Nxe5 $2 {perishes.} Rd2+ 27. Kf3 Rxf2+ 28. Kg3 Re7 $19) 26... Nb3 27. Rag1 Rd2+ 28. Nxd2 Rxd2+ 29. Kf3 {[%emt 0:00:08] Strongly threatening R1g5.} Rxf2+ {[%emt 0:00:11] [#]} 30. Kg3 $1 {[%emt 0:12:03] And now Kh3 would win.} Nd2 {[%emt 0:01:39] Threatens to win with ...Rf3+.} 31. Kh3 {[%emt 0:01:41] Black must now prevent Rg8+.} Nxe4 32. R7g2 Rf3+ 33. Kg4 Re3 34. Rf1 $36 {[%emt 0:01:36][%mdl 2048] White is really pushing.} Ke7 {[%emt 0:00:52] [#] A mistake that costs the game.} (34... Bc5 $16 35. Rf3 Re1) 35. Ng3 $1 $18 {[%emt 0:05:53] Nf5+ is the strong threat.} Ke6 36. h5 {[%emt 0:05:20][%cal Bh4h5,Bh5h6][%mdl 32] aiming for h6.} Nf6+ 37. Kg5 Nh7+ 38. Kh4 Bc5 39. Nf5 Re4+ 40. Kh3 Bf8 41. h6 {[%emt 0:31:56] White is clearly winning.} Rxa4 42. Rg8 Rf4 43. Ng7+ {[%emt 0:00:00] Weighted Error Value: White=0.07 (flawless) /Black=0.24 (precise) .  Mistake:       	White=2     	Black=3      Inaccurate:     	White=1     	Black=1      OK:         	White=18    	Black=10     Best:        	White=5     	Black=4      Strong:       	White=2     	---} 1-0

[Event "45th FIDE Olympiad 2024"]
[Site "Budapest"]
[Date "2024.09.15"]
[Round "5.34"]
[White "Al Ibrahim, Abdulrahman"]
[Black "Schwarz, Bernhard"]
[Result "1-0"]
[ECO "C04"]
[WhiteElo "1932"]
[BlackElo "1875"]
[PlyCount "56"]
[EventDate "2024.09.05"]
[EventType "team-tourn"]
[EventCountry "HUN"]
[WhiteTeam "Kuwait"]
[BlackTeam "Namibia"]
[WhiteTeamCountry "KUW"]
[BlackTeamCountry "NAM"]
[TimeControl "40/5400+30:1800+30"]

1. e4 e6 2. d4 d5 3. Nd2 Nc6 4. Ngf3 Nf6 5. e5 Nd7 6. Be2 f6 7. exf6 Qxf6 8. Nf1 Bd6 9. Ne3 b6 10. O-O Bb7 11. c4 Ne7 12. Ng4 Qf5 13. h3 dxc4 14. Ne3 Qf7 15. Qa4 O-O-O 16. Qxa7 Nc6 17. Qa4 Nxd4 18. Nxd4 Qf4 19. Nf3 Bxf3 20. Ng4 Nc5 21. Qb5 Qf5 22. Bxf3 h5 23. Nh2 g5 24. Bc6 g4 25. Be3 Rdg8 26. Bxc5 Bxh2+ 27. Kxh2 bxc5 28. Rad1 Qe5+ 1-0

[Event "45th FIDE Olympiad 2024"]
[Site "Budapest"]
[Date "2024.09.15"]
[Round "5.35"]
[White "Berdayes Ason, Dylan Isidro"]
[Black "Warmerdam, Max"]
[Result "1/2-1/2"]
[ECO "E71"]
[WhiteElo "2474"]
[BlackElo "2679"]
[Annotator "TA"]
[PlyCount "63"]
[EventDate "2024.09.05"]
[EventType "team-tourn"]
[EventCountry "HUN"]
[SourceTitle "playchess.com"]
[Source "ChessBase"]
[SourceQuality "1"]
[WhiteTeam "Cuba"]
[BlackTeam "Netherlands"]
[WhiteTeamCountry "CUB"]
[BlackTeamCountry "NED"]
[TimeControl "40/5400+30:1800+30"]

1. d4 Nf6 2. c4 g6 3. Nc3 Bg7 4. e4 d6 5. h3 O-O 6. Be3 Na6 7. g4 c6 8. f3 Rb8 9. Qd2 {[%emt 0:00:08] White is slightly better.} Nc7 10. Nge2 b5 11. cxb5 Nxb5 12. Nxb5 Rxb5 13. Rc1 Rb6 14. Nc3 a5 15. b3 Rb4 $1 16. Be2 Qb6 (16... e6 $14 {was preferrable.}) 17. Na4 Qb7 18. Kf2 Bd7 19. Nc3 Ra8 20. Rc2 Qb8 21. Kg2 Bc8 22. Rhc1 Bd7 23. Na4 Ne8 24. Rc4 Rb5 {[%emt 0:04:59] [#]} (24... Nc7 $14) 25. R4c2 (25. Rxc6 $142 $1 Bxc6 26. Rxc6) 25... Rb4 $16 26. Rc4 ({White should try} 26. f4 $16) 26... Rxc4 (26... Rb5 $1 $11 {keeps the balance.}) 27. Bxc4 Nc7 28. Be2 {[%emt 0:05:34] White is much more active.} Qb7 29. Rc2 Nb5 30. Rc1 Nc7 $1 31. Rc2 Nb5 $1 32. Rc1 {[%emt 0:00:02] Weighted Error Value: White=0.21 (precise) /Black=0.15 (very precise) .  Mistake:       	White=3     	Black=3      Inaccurate:     	White=2     	Black=1      OK:         	White=5     	Black=7      Best:        	White=1     	---        Strong:       	---       	Black=3} ({White should play} 32. h4 $16) 1/2-1/2